 Dungeon Crawl Stone Soup version 0.30-a0-341-g682706514a (webtiles) character file.

Game seed: 16125029072806519713

172 koil the Ruffian (level 5, -1/42 HPs)
             Began as a Draconian Transmuter on Nov 4, 2022.
             Killed from afar by an orc wizard (10 damage)
             ... with a puff of flame
             ... on level 3 of the Dungeon.
             The game lasted 00:05:03 (2663 turns).

koil the Ruffian (Draconian Transmuter)             Turns: 2663, Time: 00:05:04

Health: -1/42      AC:  5    Str: 15    XL:     5   Next: 27%
Magic:  6/9        EV: 12    Int: 13    God:
Gold:   215        SH:  0    Dex: 11    Spells: 6/9 levels left

rFire   . . .      SeeInvis .      - Unarmed
rCold   . . .      Faith    .    (no shield)
rNeg    . . .      Spirit   .    (body armour unavailable)
rPois   .          Reflect  .    (helmet currently unavailable)
rElec   .          Harm     .    (no cloak)
rCorr   .          Rampage  .    (no gloves)
Will    .....                    (boots currently unavailable)
Stlth   +.........               (no amulet)
HPRegen 0.27/turn                (no ring)
MPRegen 0.11/turn                (no ring)

@: appendages, wereblooded
A: horns 2, talons 2, AC +5, unfitting armour, cold-blooded
a: End Transformation


You were on level 3 of the Dungeon.
You had temporarily grown beastly horns and talons.
You visited 1 branch of the dungeon, and saw 3 of its levels.

You collected 215 gold pieces.

Inventory:

Hand Weapons
 l - a +2 sling of flaming
Missiles
 d - 2 atropa-tipped darts
Armour
 m - an orb of guile
Jewellery
 o - a +6 ring of intelligence
Wands
 n - a wand of light (9)
Scrolls
 g - 2 scrolls of teleportation {unknown}
 h - a scroll of noise {unknown}
 i - 2 scrolls of amnesia {unknown}
 j - a scroll of identify {unknown}
 k - 2 scrolls of fear {unknown}
Potions
 a - a potion of lignification
 b - 2 potions of curing {unknown}
 c - a potion of cancellation {unknown}
 e - a potion of attraction {unknown}
 f - 2 potions of haste {unknown}


   Skills:
 + Level 2.6 Fighting
 + Level 2.7 Dodging
 + Level 3.8 Unarmed Combat
 + Level 2.8 Spellcasting
 + Level 2.9 Transmutations


You had 6 spell levels left.
You knew the following spells:

 Your Spells              Type           Power      Damage    Failure   Level
a - Beastly Appendage     Tmut           18%        N/A       7%          1
b - Wereblood             Tmut           9%         N/A       11%         2

Your spell library contained the following spells:

 Spells                   Type           Power      Damage    Failure   Level
 Sting                    Tmut/Pois      20%        1d4       13%         1
 Ensorcelled Hibernation  Hex/Ice        2%         N/A       34%         2
 Poisonous Vapours        Pois/Air       2%         N/A       34%         2
 Spider Form              Tmut/Pois      5%         N/A       36%         3
 Kindle Blastsparks       Fire/Tloc/Air  2%         2d10      56%         3
 Ice Form                 Ice/Tmut       5%         N/A       77%         4
 Anguish                  Hex/Necr       0%         N/A       93%         4
 Fulminant Prism          Conj/Hex       0%         3d5       93%         4
 Iskenderun's Mystic Bla  Conj/Tloc      1%         2d3       93%         4
 Olgreb's Toxic Radiance  Pois           1%         N/A       93%         4
 Lee's Rapid Deconstruct  Erth           0%         3d4*      100%        5


Dungeon Overview and Level Annotations

Branches:
Dungeon (3/15)

Altars:
Kikubaaqudgha

Shops:
D:2 :   D:3 !


Innate Abilities, Weirdness & Mutations

You have temporarily grown beastly horns and talons.
Your plain brown scales are hard. (AC +5)
You cannot fit into any form of body armour.
You are cold-blooded and may be slowed by cold attacks.


Message History

You closely miss the orc.
The orc is severely wounded.
Something hits you but does no damage.
You're too confused to move!
The orc hits you but does no damage. The orc hits you with a +0 hand axe.
Something hits you.
You miss the orc. You tail-slap the orc.
The orc is heavily wounded.
You feel less confused. The orc closely misses you.
The orc hits you with a +0 hand axe.
* * * LOW HITPOINT WARNING * * *
Something hits you.
* * * LOW HITPOINT WARNING * * *
The orc closely misses you. Something hits you but does no damage.
The orc attacks as you move away! The orc barely misses you.
Something barely misses you.
Casting: Beastly Appendage (safe; 7% risk of failure)
Confirm with . or Enter, or press ? or * to list all spells.
Your blood is infused with primal strength.
The orc misses you.
You are too injured to fight recklessly!
Unknown command.
You are too injured to fight recklessly!
Casting: Wereblood (safe; 11% risk of failure)
Confirm with . or Enter, or press ? or * to list all spells.
You grow a pair of large bovine horns.
Your feet morph into talons.
The orc hits you with a +0 whip.
* * * LOW HITPOINT WARNING * * *
Something hits you but does no damage.
Unknown command.
You hit the orc but do no damage.
The orc is severely wounded.
The orc hits you with a +0 whip.
* * * LOW HITPOINT WARNING * * *
Something hits you but does no damage.
You hit the orc.
You feel a bit better.
You kill the orc!
You hear some strange, mumbled words.
A puff of flame appears from out of thin air!
The puff of flame hits you!
You die...

#....#......#.###
#..#####.........
##...#...####+###
#########.#.#####...##
#...........####.....#
.#####...............
##....###........
##.......'........
#@{....###........
#.###o#..### #........
#....o...# #.#.....#
#####.#.######.##...##
#)#........###'##
#.########## #.# #.#
#.# #.# ##.## #..
##...##


You could see 2 orcs.

Vanquished Creatures
  A howler monkey (D:2)
  An orc priest (D:3)
  4 adders
  A worm (D:1)
  6 orcs (D:3)
  5 ball pythons
  9 bats
  An endoplasm (D:1)
  A giant cockroach (D:1)
  4 goblins
  4 hobgoblins
  3 jackals (D:3)
  4 kobolds
  6 quokkas (D:1)
  2 frilled lizards
  8 rats
60 creatures vanquished.

Vanquished Creatures (others)
  A fungus (D:1)
1 creature vanquished.

Grand Total: 61 creatures vanquished

Notes
Turn   | Place    | Note
-------+----------+-------------------------------------------
     0 | D:1      | koil the Draconian Transmuter began the quest for the Orb.
     0 | D:1      | Reached XP level 1. HP: 16/16 MP: 3/3
   187 | D:1      | Reached XP level 2. HP: 22/23 MP: 5/5
   193 | D:1      | Learned a level 2 spell: Wereblood
   622 | D:1      | Reached XP level 3. HP: 22/29 MP: 6/6
  1535 | D:2      | Reached XP level 4. HP: 26/36 MP: 7/7
  1615 | D:2      | Found Uzyacsibbu's Book Emporium.
  1881 | D:3      | Found an ancient bone altar of Kikubaaqudgha.
  1973 | D:3      | Found Enwar's Distillery.
  2300 | D:3      | Reached XP level 5. HP: 39/42 MP: 9/9
  2663 | D:3      | Killed from afar by an orc wizard

Illustrated notes

Levels and vault maps discovered:
D:1:      onia_arrival_mini_maze_b, layout_loops_ring
D:2:      layout_basic, serial_shops, shop
D:3:      layout_loops_corners, nicolae_kikubaaqudgha_miasma_corner,
          mainiacjoe_overflow_alcove_2, serial_shops, nicolae_shop_hallway_plus

Skill      XL: |  1  2  3 |
---------------+----------+-----
Dodging        | 2 |  2.7
Fighting       | 2 |  2.6
Unarmed Combat | |  3.8
Spellcasting   | |  2.8
Transmutations | |  2.9

Action                   |  1- 3 |  4- 6 || total
-------------------------+-------+-------++-------
Melee: Unarmed           |   127 |   123 ||   250
       Tailslap          |    19 |    19 ||    38
       Kick              |     5 |     7 ||    12
       Headbutt          |     2 |     5 ||     7
       Punch             |     1 |     5 ||     6
 Cast: Beastly Appendage |    14 |     6 ||    20
       Wereblood         |       |     1 ||     1
 Stab: Sleeping          |     2 |       ||     2
Armor: Skin              |    33 |    38 ||    71
Dodge: Dodged            |    70 |    71 ||   141

Table legend: (Time is in decaauts)
 A = Elapsed time spent in this place.
 B = Non-inter-level travel time spent in this place.
 C = Inter-level travel time spent in this place.
 D = Time resting spent in this place.
 E = Time spent auto-exploring this place.
 F = Levels seen in this place.
 G = Mean time per level.
                   A        B        C        D        E       F      G
               +--------+--------+--------+--------+--------+-----+--------+
         Total |   2646 |   2480 |    166 |      0 |   1969 |   3 |  882.0 |
       Dungeon |   2646 |   2480 |    166 |      0 |   1969 |   3 |  882.0 |
               +--------+--------+--------+--------+--------+-----+--------+

Top non-repeatable levels by time:
     D:1: 1092 daAuts
     D:2: 779 daAuts
     D:3: 774 daAuts
